 Dungeon Crawl Stone Soup version 0.22-a0-374-g5dfd9e3 (webtiles) character file.

95 Collin1234 the Shield-Bearer (level 4, -2/40 HPs)
             Began as a Hill Orc Fighter on Apr 26, 2018.
             Was an Initiate of Makhleb.
             Slain by a gnoll
             ... wielding a +0 club
              (10 damage)
             ... on level 1 of the Dungeon.
             The game lasted 00:11:45 (2616 turns).

Collin1234 the Shield-Bearer (Hill Orc Fighter)     Turns: 2616, Time: 00:11:46

Health: -2/40      AC:  4    Str: 18    XL:     4   Next: 65%
Magic:  4/4        EV:  9    Int:  9    God:    Makhleb [......]
Gold:   100        SH:  9    Dex: 10    Spells: 3/3 levels left

rFire    . . .     SeeInvis +   j - -1 hand axe (curse)
rCold    . . .     Gourm    .   c - +0 shield
rNeg     . . .     Faith    .   t - +0 leather armour
rPois    +         Spirit   .   (no helmet)
rElec    .         Reflect  .   (no cloak)
rCorr    .         Harm     .   q - +0 pair of gloves
MR       .....                  (no boots)
Stlth    +.........             (no amulet)
HPRegen  0.13/turn              k - ring of see invisible
MPRegen  0.09/turn              u - ring of poison resistance

@: very slightly contaminated
A: no striking features
a: Renounce Religion


You were on level 1 of the Dungeon.
You worshipped Makhleb.
Makhleb was noncommittal.
You were not hungry.

You visited 1 branch of the dungeon, and saw 2 of its levels.

You collected 100 gold pieces.

Inventory:

Hand Weapons
 a - a +0 rapier
 j - a cursed -1 hand axe (weapon)
Missiles
 e - 40 arrows
 g - 155 stones (quivered)
 i - 14 bolts
 m - 17 sling bullets
Armour
 b - a +0 scale mail
 c - a +0 shield (worn)
 l - a +0 ring mail
 q - a +0 pair of gloves (worn)
 t - a +0 leather armour (worn)
Jewellery
 k - a ring of see invisible (left hand)
 u - a ring of poison resistance (right hand)
Scrolls
 h - 2 scrolls of identify
 n - a scroll of enchant weapon
 s - a scroll of teleportation {unknown}
 v - 2 scrolls of amnesia
Potions
 o - a potion of lignification {unknown}
 r - a potion of flight {unknown}
 w - a potion of agility {unknown}
 x - a potion of haste {unknown}
Comestibles
 f - 5 rations


   Skills:
 + Level 4.0 Fighting
 + Level 2.2 Short Blades
 + Level 2.5 Axes
 + Level 3.7 Armour
 + Level 0.7 Dodging
 + Level 4.2 Shields


You had 3 spell levels left.
You didn't know any spells.

Dungeon Overview and Level Annotations

Branches:
Dungeon (2/15)

Altars:
Makhleb
Xom
The Shining One


Message History

You barely miss the gnoll. The gnoll hits you with a flail!
* * * LOW HITPOINT WARNING * * *
The gnoll barely misses you.
You closely miss the gnoll. x2; The gnoll closely misses you.
The gnoll hits you with a club!
* * * LOW HITPOINT WARNING * * *
The gnoll hits you but does no damage.
There is a stone staircase leading up here.
The gnoll closely misses you. The gnoll barely misses you.
You climb upwards.
There is a stone staircase leading down here.
Blink to where?
Press: ? - help, Dir - move target cursor You are very lightly contaminated with residual magic.
As you read the scroll of blinking, it crumbles to dust.
You block the gnoll's attack. The gnoll barely misses you.
The gnoll closely misses you. The gnoll hits you with a club!
You die...

################.#
#.......##.......#
#.......##.#####.# #
#.#####.##.# #.#
###.#####.##.### #.#
.##.##.........# #.#
.##.##.##.##.#.###.##
.##.......##...g....####
.##.......####.g@......#
8#####.####
####...##.######## .#
#.# ##.###........# .#
#.# #.# ########.# .#
#.# #.# #.### .# ##.##
##'## #...# ## #...#
##...## ###.#
#####...##### ##.>...##
####.#
............###.......##
##.##.#


You could see 2 gnolls.

Vanquished Creatures
  2 gnolls (D:2)
  3 adders (D:2)
  A dart slug (D:1)
  2 leopard geckos
  5 bats
  2 giant cockroaches (D:2)
  5 goblins
  9 hobgoblins
  2 jackals (D:2)
  6 frilled lizards
  5 kobolds
  4 rats
46 creatures vanquished.

Notes
Turn   | Place    | Note
-------+----------+-------------------------------------------
     0 | D:1      | Collin1234 the Hill Orc Fighter began the quest for the Orb.
     0 | D:1      | Reached XP level 1. HP: 19/19 MP: 1/1
    92 | D:1      | Reached XP level 2. HP: 22/27 MP: 2/2
   918 | D:1      | Reached XP level 3. HP: 30/33 MP: 3/3
  1155 | D:2      | Found a glowing golden altar of the Shining One.
  1181 | D:2      | Found a burning altar of Makhleb.
  1258 | D:2      | Became a worshipper of Makhleb the Destroyer
  1395 | D:2      | Reached skill level 1 in Axes
  1545 | D:2      | Reached XP level 4. HP: 34/40 MP: 4/4
  1580 | D:2      | Found a shimmering altar of Xom.
  2616 | D:1      | Slain by a gnoll

Vault maps used:
D:1:      grunt_arrival_crossed_arrows
D:2:      bloody_makhleb, lemuel_round_altar, tgw_xom

Skill      XL: |  1  2  3  4 |
---------------+-------------+-----
Axes           | 2 |  2.5
Fighting       | 4 |  4.0
Shields        | 4 |  4.2
Short Blades   | |  2.2
Armour         | |  3.7
Dodging        | |  0.7

Action                   |  1- 3 |  4- 6 || total
-------------------------+-------+-------++-------
Melee: Rapier            |    32 |       ||    32
       Hand axe          |   140 |    70 ||   210
Throw: Stone             |     2 |     3 ||     5
  Use: Scroll            |     4 |     3 ||     7
       Potion            |       |     1 ||     1
  Eat: Ration            |     1 |     1 ||     2
Armor: Scale mail        |    96 |       ||    96
       Leather armour    |     1 |    15 ||    16
Dodge: Dodged            |    71 |    23 ||    94
Block: Shield            |   112 |    48 ||   160

Table legend:
 A = Spawn XP
 B = Non-spawn XP
 C = Spawn XP percentage of total XP
 D = Spawn monster count
 E = Non-spawn monster count
 F = Spawn count percentage of total count
 G = Total turns spent on level
                    A         B        C        D         E        F      G
               +---------+---------+-------+---------+---------+-------+---------
         Total |       0 |     136 |   0.0 |       0 |      46 |   0.0 |  2616
               +---------+---------+-------+---------+---------+-------+---------
           D:1 |       0 |      34 |   0.0 |       0 |      22 |   0.0 |  1257
           D:2 |       0 |     102 |   0.0 |       0 |      24 |   0.0 |  1359
               +---------+---------+-------+---------+---------+-------+---------
